Map: Realities Simulation LE

Players

Flamingj

  • Race: Terran Terran
  • Spawn Location: 12:00

pochacco

  • Race: Terran Terran
  • Spawn Location: 11:00

BrightLi

  • Race: Zerg Zerg
  • Spawn Location: 9:00

PiPuxD - Winner!

  • Race: Protoss Protoss
  • League: Gold
  • Spawn Location: 5:00

Autechre - Winner!

  • Race: Terran Terran
  • Spawn Location: 3:00

MattBarry - Winner!

  • Race: Zerg Zerg
  • League: Gold
  • Spawn Location: 6:00

VOD

Have the link to the VOD?

Description

Time

  • Played on: Feb. 15, 2023, 4:38 a.m.
  • Length: 14:37
Show
View Real Time Build Order
Export as new Build Order

Flamingj Terran 

Build Orders: 2 Factory 

Get SALT Encoding   

  12  0:17  SCV  
  13  0:28  Refinery  
  13  0:29  SCV  
  13  0:34  Refinery  
  14  0:41  SCV  
  15  0:48  Supply Depot  
  15  1:11  SCV  
  16  1:23  SCV  
  16  1:25  Barracks  
  17  1:35  SCV  
  18  2:04  SCV  
  19  2:16  SCV  
  20  2:28  SCV  
  20  2:29  Factory  
  21  2:40  SCV  
  22  2:50  Barracks Tech Lab  
  22  2:52  SCV  
  22  2:56  Command Center  
  23  3:18  Engineering Bay  
  23  3:23  Factory Tech Lab  
  23  3:27  Factory  
  23  3:32  Orbital Command  
  23  4:02  Marine  
  24  4:13  Supply Depot  
  24  4:20  Marine  
  24  4:21  Orbital Command  
  25  4:25  Factory Reactor  
  25  4:29  Siege Tank  
  28  4:36  Supply Depot  
  28  4:38  Marine  
  28  4:42  Starport  
  29  4:54  Missile Turret  
  29  4:56  Missile Turret  
  29  5:05  Widow Mine x3  
  35  5:33  Starport Reactor  
  35  5:36  Widow Mine x3  
  35  5:40  SCV  
  42  5:52  SCV  
  43  5:57  Widow Mine x3  
  49  6:18  Widow Mine  
  49  6:25  SCV  
  52  6:28  Medivac x2  
  56  6:34  Armory  
  56  6:36  Armory  
  56  6:37  SCV  
  56  6:39  Armory  
  57  6:49  SCV  
  57  6:52  Sensor Tower  
  58  7:00  Medivac x2  
  62  7:17  SCV  
  62  7:20  Widow Mine  
  62  8:00  Command Center  
  62  8:06  Drilling Claws  
  62  8:17  Widow Mine, Viking x2, SCV  
  69  8:22  Widow Mine x2  
  73  8:39  Widow Mine  
  75  8:44  Widow Mine  
  77  8:49  Terran Vehicle Weapons Level 1, Terran Ship Weapons Level 1, Terran Vehicle And Ship Armor Level 1  
  77  8:56  Hi-Sec Auto Tracking  
  77  9:12  Widow Mine x2  
  81  9:18  Siege Tank  
  84  9:27  Orbital Command  
  84  9:33  Refinery  
  84  9:34  Widow Mine x2  
  84  9:35  SCV  
  89  9:38  Refinery  
  89  9:42  Refinery  
  89  9:47  SCV  
  90  9:55  Widow Mine  
  90  9:59  SCV  
  93  10:24  Starport  
  93  10:26  Starport  
  93  11:01  SCV x3  
  93  11:02  Widow Mine  
  93  11:03  Widow Mine  
  93  11:04  Widow Mine  
  76  11:13  SCV x2  
  76  11:18  Starport Reactor x2  
  75  11:19  Viking x2  
  75  11:23  Widow Mine  
  78  11:25  SCV  
  78  11:26  Widow Mine, SCV  
  75  11:45  Siege Tank  
  78  11:50  Terran Vehicle Weapons Level 2  
  78  12:08  Supply Depot  
  78  12:09  Supply Depot x2  
  78  12:10  Supply Depot  
  78  12:11  Supply Depot  
  78  12:30  SCV, Siege Tank  
  78  12:31  Supply Depot  
  78  12:32  Supply Depot  
  82  12:42  SCV  
  83  12:52  Command Center  
  83  12:54  SCV  
  74  13:06  SCV  
  74  13:08  Viking  
  74  13:09  Viking x5  
  79  13:18  SCV  
Show
View Real Time Build Order
Export as new Build Order

pochacco Terran 

Build Orders:  

Get SALT Encoding   

  12  0:01  SCV  
  13  0:13  SCV  
  14  0:29  SCV  
  15  0:36  Supply Depot  
  15  0:57  SCV  
  15  1:02  Barracks  
  16  1:06  Supply Depot  
  16  1:11  SCV  
  17  1:23  SCV  
  18  1:35  Supply Depot, SCV  
  19  1:51  Orbital Command  
  19  1:54  Refinery  
  19  2:04  Bunker  
  19  2:12  Barracks  
  19  2:14  Marine  
  20  2:27  SCV, Refinery  
  21  2:31  Marine  
  22  2:39  SCV  
  23  2:49  Marine, Command Center  
  24  2:55  SCV  
  25  3:07  Marine, SCV  
  25  3:10  Engineering Bay  
  25  3:11  Marine  
  28  3:19  SCV  
  29  3:25  Marine  
  30  3:31  SCV  
  31  3:43  Marine, SCV  
  33  3:49  Barracks Tech Lab  
  33  3:55  Missile Turret  
  33  4:01  SCV  
  34  4:04  Orbital Command  
  34  4:08  Refinery  
  34  4:13  SCV  
  34  4:14  Combat Shield  
  37  4:17  Marauder  
  37  4:19  Barracks Tech Lab  
  37  4:30  SCV  
  38  4:34  Refinery  
  38  4:36  SCV  
  39  4:42  SCV  
  40  4:48  SCV  
  41  4:53  Stimpack  
  41  4:54  Barracks  
  41  4:55  Marauder  
  41  4:56  Marauder  
  44  5:09  Supply Depot  
  44  5:10  Missile Turret  
  43  5:15  Missile Turret  
  43  5:29  Missile Turret  
  43  5:32  SCV x2  
  43  5:33  Supply Depot  
  45  5:44  SCV x2  
  45  5:48  Terran Infantry Weapons Level 1  
  47  5:50  Barracks Reactor  
  47  5:54  Marine  
  47  5:56  SCV x2, Marauder  
  52  6:08  SCV  
  53  6:12  Marauder  
  53  6:14  Sensor Tower  
  53  6:17  Marauder  
  57  6:29  Factory  
  57  6:33  SCV  
  57  6:34  SCV, Marauder  
  57  6:38  Marine  
  62  6:44  Supply Depot  
  62  6:45  SCV  
  62  6:46  SCV  
  64  6:49  Supply Depot  
  64  6:52  Supply Depot  
  64  6:55  Marine  
  64  6:56  Marine  
  64  6:58  SCV  
  66  7:12  Marine  
  66  7:14  Marine  
  68  7:32  Missile Turret  
  68  7:42  Terran Infantry Armor Level 1  
  68  7:43  Marauder  
  68  7:44  Marine x2, Marauder  
  72  7:45  Missile Turret  
  74  7:54  Missile Turret  
  74  7:59  Starport  
  74  8:02  Marine x2, Concussive Shells  
  74  8:05  Marauder x2  
  80  8:13  Engineering Bay  
  80  8:15  SCV  
  80  8:16  Missile Turret  
  80  8:19  SCV  
  82  8:20  Marine x2  
  82  8:26  Marauder x2  
  88  8:28  Supply Depot  
  88  8:31  SCV  
  88  8:34  Supply Depot x2  
  90  8:37  Marine x2  
  90  8:39  Starport Reactor  
  91  8:47  Marine x2  
  93  8:53  Armory  
  93  9:05  Marine x2  
  95  9:19  Missile Turret  
  95  9:46  Missile Turret  
  95  9:53  Terran Infantry Weapons Level 2  
  95  9:54  Terran Infantry Armor Level 2  
  95  9:56  Medivac  
  95  9:57  Medivac  
  99  10:02  Marauder  
  99  10:03  Marauder  
  99  10:04  Marine x2  
  105  10:15  Command Center  
  105  10:22  Missile Turret, Marine x2, Command Center  
  105  10:24  Marauder x2  
  105  10:26  Medivac  
  105  10:27  Medivac  
  115  10:40  Marine x2  
  117  10:44  Missile Turret  
  117  10:57  Marine  
  118  11:04  Missile Turret  
  118  11:13  Marine  
  118  11:17  Supply Depot  
  118  11:26  Marine, Medivac x2  
  118  11:27  Marauder x2  
  118  11:31  Marine  
  128  11:44  Marine  
  129  11:48  Marauder x2  
  129  11:49  Marine  
  134  11:56  Medivac x2  
  138  12:02  Marine  
  138  12:07  Marine  
  140  12:10  Marauder x2  
  144  12:30  Marine x2  
  146  12:48  Marine  
  147  12:55  Medivac x2  
  147  12:57  Marauder  
  153  12:58  Marine  
  153  12:59  Marine  
  153  13:05  Planetary Fortress  
  155  13:11  Missile Turret  
  155  13:12  Missile Turret  
  155  13:13  Missile Turret  
  155  13:14  Missile Turret  
  155  13:16  Marine  
  155  13:17  Missile Turret, Planetary Fortress  
  156  13:21  Missile Turret  
  156  13:23  Missile Turret  
  156  13:25  Missile Turret x2  
  156  13:26  Missile Turret  
  156  14:07  Marine  
  156  14:15  Marine  
Show
View Real Time Build Order
Export as new Build Order

BrightLi Zerg 

Build Orders: 1 Base Baneling Bust, Pool First 

Get SALT Encoding   

  12  0:25  Extractor, Overlord  
  11  0:30  Spawning Pool  
  11  0:34  Drone  
  11  0:39  Drone  
  12  0:45  Drone  
  13  0:51  Drone  
  14  0:57  Drone  
  15  1:09  Drone  
  16  1:12  Extractor  
  15  1:19  Drone  
  15  1:22  Queen  
  18  1:30  Drone  
  19  1:36  Metabolic Boost  
  19  1:41  Drone  
  20  1:51  Drone  
  21  2:01  Lair  
  21  2:03  Drone  
  22  2:21  Overlord  
  22  2:28  Overlord  
  22  2:36  Overlord  
  22  2:40  Spine Crawler  
  21  2:46  Zergling x6  
  24  2:59  Baneling Nest  
  24  3:03  Drone  
  24  3:15  Nydus Network  
  24  3:18  Drone  
  24  3:21  Zergling x2  
  24  3:23  Zergling x2  
  26  3:27  Zergling x2  
  26  3:33  Zergling x2  
  28  3:39  Zergling x2  
  28  3:40  Zergling x2  
  30  3:44  Baneling x2  
  30  3:46  Baneling  
  30  3:47  Baneling  
  30  4:10  Zergling x10  
  30  4:11  Zergling x2  
  36  4:20  Nydus Canal  
  36  4:23  Zergling x2  
  33  4:48  Zergling x8  
  27  4:58  Zergling x2  
  15  5:06  Zergling x2  
  7  5:43  Drone  
  8  5:59  Zergling x2  
  9  6:11  Zergling x2  
  10  6:21  Baneling  
  10  6:23  Baneling  
  10  6:31  Baneling  
  10  6:35  Baneling  
  5  6:57  Drone  
  3  7:44  Drone  
  4  8:18  Drone  
  6  8:41  Drone  
  6  8:57  Drone  
  7  9:10  Drone  
  8  9:20  Drone  
  9  9:30  Drone  
  10  9:40  Drone  
  11  9:46  Drone  
  12  9:53  Drone  
  12  9:59  Drone  
  14  10:05  Drone  
  15  10:13  Baneling x3  
  15  10:16  Baneling  
  15  10:19  Drone  
  16  10:24  Drone  
  17  10:34  Spore Crawler  
  17  10:35  Drone  
  14  10:46  Drone  
  13  10:56  Drone  
  14  11:07  Drone  
  15  11:12  Spore Crawler  
  15  11:17  Drone  
  15  11:28  Drone  
  16  11:33  Infestation Pit  
  16  11:39  Drone  
  16  11:50  Drone  
  17  12:00  Drone  
  18  12:06  Burrow  
  18  12:07  Spore Crawler  
  17  12:12  Pathogen Glands  
  17  12:13  Infestor  
  19  12:22  Drone  
  20  12:33  Zergling x2  
  21  13:00  Hatchery  
  21  13:03  Drone x2  
  22  13:05  Infestor  
  22  13:11  Baneling x2  
  24  13:20  Infestor  
  26  13:38  Infestor  
  28  13:42  Drone  
  28  13:48  Infestor  
  31  14:00  Infestor  
Show
View Real Time Build Order
Export as new Build Order

PiPuxD Protoss - Winner!

Build Orders: 1 Gate Expand, Oracle Opening 

Get SALT Encoding   

  12  0:00  Probe  
  13  0:12  Probe  
  14  0:17  Pylon  
  14  0:24  Probe  
  15  0:35  Gateway  
  15  0:38  Probe (Chrono Boost)  
  16  0:48  Assimilator, Probe (Chrono Boost)  
  17  0:53  Probe (Chrono Boost)  
  18  1:05  Probe  
  19  1:17  Probe  
  20  1:25  Nexus  
  20  1:29  Probe  
  21  1:36  Pylon  
  21  1:41  Probe  
  22  1:51  Cybernetics Core  
  22  1:54  Probe  
  22  1:59  Assimilator  
  23  2:06  Probe  
  24  2:18  Probe  
  25  2:29  Stargate  
  25  2:30  Pylon, Probe  
  25  2:35  Adept  
  28  2:38  Probe  
  28  2:43  Warp Gate  
  29  2:45  Probe  
  30  2:52  Probe  
  30  2:57  Probe  
  32  3:04  Probe  
  33  3:06  Adept  
  33  3:09  Probe  
  33  3:10  Oracle (Chrono Boost)  
  39  3:16  Probe  
  40  3:21  Pylon  
  40  3:22  Probe  
  40  3:25  Assimilator  
  41  3:28  Probe  
  41  3:34  Probe  
  43  3:36  Adept  
  43  3:37  Oracle (Chrono Boost)  
  43  3:41  Probe  
  49  3:46  Gateway, Probe  
  50  3:49  Gateway  
  50  3:53  Probe  
  51  3:56  Pylon  
  51  3:58  Probe  
  52  4:05  Probe  
  53  4:10  Probe  
  53  4:15  Assimilator  
  54  4:17  Probe  
  54  4:18  Oracle  
  54  4:19  Twilight Council  
  54  4:22  Probe  
  59  4:24  Pylon  
  59  4:29  Probe  
  60  4:34  Probe  
  61  4:41  Probe  
  62  4:49  Zealot  
  62  4:50  Zealot x2  
  68  5:04  Probe x2  
  70  5:13  Adept x2  
  70  5:14  Adept  
  76  5:16  Blink  
  76  5:19  Probe  
  76  5:20  Probe  
  78  5:37  Pylon  
  78  5:39  Forge, Nexus  
  78  5:41  Forge  
  78  5:42  Pylon  
  78  5:43  Pylon  
  78  5:44  Pylon  
  78  5:58  Stalker x3  
  84  6:04  Probe x2  
  84  6:09  Protoss Ground Weapons Level 1 (Chrono Boost)  
  84  6:10  Protoss Ground Armor Level 1 (Chrono Boost)  
  86  6:16  Probe x2  
  88  6:19  Robotics Facility  
  88  6:20  Robotics Facility  
  88  6:22  Pylon  
  88  6:25  Shield Battery  
  88  6:27  Stalker  
  88  6:28  Stalker x2, Probe x2  
  96  6:40  Probe x2  
  98  7:05  Probe  
  98  7:06  Probe  
  100  7:23  Probe x2  
  100  7:25  Stalker x2  
  100  7:26  Stalker  
  108  7:30  Probe  
  108  7:35  Probe x2  
  111  7:39  Assimilator  
  111  7:43  Assimilator  
  111  7:44  Robotics Bay  
  111  7:45  Observer x2  
  111  7:49  Protoss Ground Armor Level 2 (Chrono Boost), Protoss Ground Weapons Level 2 (Chrono Boost), Stalker x3  
  119  7:55  Gateway  
  119  7:56  Gateway  
  119  8:01  Gateway  
  119  8:05  Gateway  
  119  8:11  Templar Archives  
  119  8:14  Immortal x2  
  127  8:25  Zealot  
  127  8:26  Zealot x2  
  133  8:27  Charge (Chrono Boost)  
  133  8:42  Nexus  
  133  8:43  Pylon  
  133  8:46  Pylon  
  133  8:53  Pylon  
  133  8:55  Pylon  
  133  9:01  Disruptor x2  
  139  9:15  Zealot x5  
  139  9:16  Zealot x2  
  153  9:23  Psionic Storm  
  153  9:34  Gateway  
  153  9:35  Gateway  
  153  9:37  Gateway, Disruptor x2 (Chrono Boost)  
  153  9:40  Pylon  
  153  9:42  Zealot  
  153  9:43  Zealot x2  
  165  9:46  Pylon  
  165  9:49  Pylon  
  165  9:53  Probe x4  
  169  10:00  Assimilator  
  169  10:04  Assimilator  
  169  10:05  Stalker x5, Probe x2  
  169  10:06  Stalker x2  
  185  10:34  Stalker x3  
  185  10:35  Stalker x2  
  161  11:37  Stalker x2  
  161  11:38  Stalker x7  
  161  11:39  Stalker  
  157  11:40  Observer  
  157  11:43  Observer  
  157  11:46  Protoss Ground Weapons Level 3 (Chrono Boost), Protoss Ground Armor Level 3 (Chrono Boost)  
  159  11:55  Dark Shrine  
  159  12:04  Probe x2  
  161  12:11  Immortal x2 (Chrono Boost)  
  169  12:20  Stalker x3  
  169  12:21  Stalker x6  
  169  12:22  Stalker  
  189  13:03  Observer  
  178  13:29  Stalker x4  
  178  13:30  Stalker x4  
  178  13:33  Immortal  
  182  14:03  Zealot x2  
  182  14:04  High Templar x5  
  182  14:05  High Templar x2  
Show
View Real Time Build Order
Export as new Build Order

Autechre Terran - Winner!

Build Orders:  

Get SALT Encoding   

  12  0:00  SCV  
  13  0:12  SCV  
  14  0:19  Supply Depot  
  14  0:24  SCV  
  15  0:41  SCV  
  16  0:43  Barracks  
  16  0:48  Refinery  
  16  0:53  SCV  
  17  1:05  SCV  
  18  1:17  SCV  
  19  1:29  SCV  
  19  1:32  Barracks Reactor  
  20  1:45  Command Center  
  20  1:55  Orbital Command  
  20  2:10  Factory  
  20  2:13  Marine  
  21  2:22  Supply Depot  
  21  2:24  Marine  
  22  2:33  Refinery  
  22  2:36  SCV  
  23  2:40  Marine  
  23  2:48  Marine  
  23  2:50  SCV  
  25  2:54  Factory Tech Lab  
  25  2:58  Marine  
  25  3:00  SCV  
  27  3:09  Bunker  
  27  3:14  Siege Tank  
  27  3:17  SCV  
  31  3:23  SCV  
  32  3:29  Starport  
  33  3:34  SCV  
  33  3:41  Orbital Command  
  33  3:43  Marine  
  34  3:55  Barracks, SCV  
  35  4:07  Starport Reactor  
  35  4:08  Barracks  
  35  4:14  Supply Depot  
  35  4:16  SCV  
  36  4:20  SCV  
  36  4:23  Marine  
  38  4:28  Marine  
  39  4:41  Marine  
  39  4:42  Marine  
  38  4:45  Marine  
  29  4:58  Marine  
  25  5:00  Marine  
  25  5:03  Marine  
  25  5:05  SCV  
  25  5:16  Marine  
  25  5:17  Marine  
  25  5:18  Marine  
  25  5:20  SCV  
  29  5:25  Marine  
  29  5:27  SCV  
  31  5:32  SCV  
  31  5:33  Medivac  
  34  5:36  Barracks Tech Lab  
  34  5:42  Barracks Tech Lab  
  34  5:44  SCV  
  34  5:45  SCV  
  34  5:49  Marine x2  
  38  5:56  SCV  
  39  5:57  SCV  
  39  6:00  Refinery  
  40  6:09  SCV  
  41  6:17  Command Center  
  41  6:21  SCV x2  
  43  6:30  Supply Depot  
  43  6:33  SCV x2  
  43  6:36  Stimpack  
  45  6:41  Combat Shield  
  45  6:45  SCV  
  46  6:58  SCV, Engineering Bay  
  46  7:01  SCV  
  48  7:02  Engineering Bay  
  48  7:06  Marauder  
  50  7:11  SCV  
  50  7:12  Marauder  
  50  7:14  SCV  
  54  7:20  Siege Tank  
  57  7:23  SCV  
  57  7:28  Terran Infantry Weapons Level 1  
  57  7:29  SCV  
  59  7:31  SCV  
  59  7:35  Terran Infantry Armor Level 1  
  60  7:39  Medivac  
  60  7:40  SCV  
  60  7:42  SCV  
  64  7:54  Refinery  
  64  7:56  Refinery  
  64  8:02  Command Center  
  64  8:07  Viking  
  64  8:12  Marine  
  67  8:15  Missile Turret  
  67  8:17  Marine, SCV x2  
  67  8:18  Marine  
  67  8:19  Marine  
  72  8:27  Armory  
  72  8:30  Marine, Siege Tank  
  76  8:36  Marine  
  77  8:49  Planetary Fortress  
  77  9:01  Supply Depot x2  
  77  9:04  Supply Depot, Barracks  
  77  9:06  Barracks  
  77  9:13  Marine x4  
  77  9:14  SCV x2  
  77  9:16  Missile Turret, SCV  
  84  9:26  SCV x2  
  84  9:28  Orbital Command  
  86  9:31  Marine x2  
  86  9:32  Concussive Shells, Marauder  
  86  9:35  Terran Infantry Weapons Level 2  
  90  9:45  SCV  
  90  9:46  SCV x2  
  90  9:51  Terran Infantry Armor Level 2, Refinery x2  
  93  9:54  SCV  
  93  9:57  SCV  
  93  9:58  SCV  
  93  9:59  Marauder x2  
  100  10:00  Barracks Reactor  
  100  10:05  SCV  
  100  10:06  SCV  
  102  10:10  SCV  
  102  10:12  Supply Depot  
  103  10:15  Supply Depot  
  103  10:20  SCV x3  
  106  10:27  Factory  
  106  10:29  Factory  
  106  10:32  Barracks  
  106  10:37  Barracks  
  106  10:38  SCV x2  
  108  10:44  Missile Turret  
  108  10:45  SCV x2  
  108  10:49  Missile Turret  
  110  10:54  Missile Turret, SCV  
  111  11:09  Siege Tank  
  111  11:11  Terran Vehicle And Ship Armor Level 1  
  114  11:13  Armory, SCV x2  
  114  11:15  SCV  
  114  11:16  SCV  
  118  11:18  Factory Tech Lab  
  118  11:20  Factory Reactor, Barracks Reactor  
  118  11:24  Marauder x2  
  118  11:25  Barracks Tech Lab  
  122  11:26  Barracks Reactor  
  122  11:38  Ghost Academy  
  122  11:40  Ghost Academy  
  122  11:41  Ghost Academy  
  122  11:45  Command Center  
  122  12:00  Drilling Claws  
  122  12:01  Missile Turret x2  
  122  12:02  Missile Turret  
  122  12:14  Personal Cloaking  
  122  12:17  Nuke  
  122  12:18  Nuke  
  122  12:23  SCV x2  
  122  12:25  Ghost  
  122  12:29  Marine x4  
  130  12:43  Supply Depot  
  130  12:44  Siege Tank x2  
  130  12:47  Supply Depot  
  130  12:48  Supply Depot  
  136  12:52  Ghost  
  136  12:53  Supply Depot  
  138  13:00  Orbital Command  
  138  13:01  SCV x2  
  138  13:03  Refinery  
  138  13:04  SCV x2  
  138  13:05  Refinery  
  142  13:08  Ghost, Marauder  
  142  13:09  Marine  
  142  13:11  Marine x2  
  142  13:12  Marine  
  150  13:13  Marine x2, SCV x2  
  150  13:16  Marine, Siege Tank  
  150  13:17  Marine  
  159  13:20  Marine  
  160  13:27  Marine  
  160  13:28  Marine  
  160  13:29  Marine x3  
  160  13:30  Marine  
  160  13:31  Marine  
  167  13:34  Marine  
  167  13:35  Marine, Siege Tank  
  167  13:37  Marine  
  167  13:38  Marine  
  167  13:40  Nuke  
  172  13:45  Marine  
  172  13:46  Marine x2  
  172  13:47  Marine x2  
  176  13:48  Marine  
  176  13:49  Marine  
  176  13:52  Marine  
  176  13:53  Marine  
  176  13:55  Marine  
  181  13:56  Marine  
  181  14:01  Medivac x2  
  186  14:03  Marine  
  187  14:10  Marine  
  187  14:12  Marine  
  187  14:13  Marine x2  
  187  14:14  Marauder  
Show
View Real Time Build Order
Export as new Build Order

MattBarry Zerg - Winner!

Build Orders: Pool First, Brood Lord Corruptor 

Get SALT Encoding   

  12  0:03  Drone  
  13  0:09  Drone  
  14  0:20  Extractor  
  13  0:22  Drone  
  15  0:33  Spawning Pool  
  14  0:37  Extractor  
  14  0:41  Overlord  
  13  0:45  Drone  
  14  1:07  Drone x2  
  16  1:26  Zergling x2  
  16  1:27  Zergling x2  
  16  1:28  Queen  
  20  1:38  Zergling x2  
  21  1:40  Metabolic Boost  
  21  1:45  Zergling x2  
  22  1:50  Overlord  
  22  2:12  Hatchery  
  21  2:20  Drone x2  
  23  2:27  Drone  
  24  2:38  Queen  
  26  3:09  Extractor  
  25  3:32  Drone x2  
  25  3:33  Drone  
  28  3:48  Hatchery  
  28  3:50  Baneling Nest  
  28  3:53  Drone x3  
  29  3:58  Drone x2  
  29  3:59  Drone x2  
  33  4:19  Lair  
  33  4:24  Queen  
  33  4:30  Zergling x2  
  36  4:44  Overlord  
  36  4:45  Overlord x2  
  36  5:16  Drone x3  
  36  5:21  Queen x3, Extractor  
  44  5:35  Drone  
  45  5:36  Drone  
  45  5:37  Drone x4, Overlord  
  45  5:38  Drone x5  
  55  5:48  Centrifugal Hooks  
  55  6:05  Extractor  
  55  6:09  Drone x5, Overlord x2  
  59  6:21  Overlord x2  
  59  6:36  Extractor  
  58  6:54  Spire  
  58  6:57  Evolution Chamber  
  58  6:58  Evolution Chamber, Drone x5  
  58  7:00  Lair  
  60  7:23  Drone x3  
  63  7:30  Overseer  
  63  7:32  Extractor  
  62  7:39  Drone  
  63  8:00  Zerg Melee Weapons Level 1  
  63  8:05  Mutalisk x9  
  63  8:06  Mutalisk x4  
  89  8:13  Drone x7  
  89  8:14  Drone  
  97  8:23  Infestation Pit  
  96  8:28  Hydralisk Den  
  95  9:01  Drone  
  95  9:02  Drone x2  
  98  9:15  Hatchery, Drone  
  98  9:16  Overlord  
  98  9:17  Overlord x2  
  98  9:28  Spire  
  98  9:29  Hive  
  98  9:30  Zerg Flyer Weapons Level 1  
  97  9:42  Lurker Den  
  96  9:46  Drone x6  
  96  9:47  Drone x4  
  96  9:48  Drone x2  
  108  10:08  Corruptor x2  
  108  10:09  Corruptor x5  
  108  10:11  Overlord x3  
  108  10:14  Overlord  
  122  10:20  Zerg Missile Weapons Level 1  
  122  10:22  Zerg Ground Armor Level 1  
  106  10:58  Drone  
  106  11:05  Greater Spire, Corruptor  
  106  11:06  Corruptor x8  
  124  11:14  Queen, Extractor  
  124  11:15  Drone  
  124  11:16  Extractor, Drone x5  
  130  11:45  Hatchery  
  129  11:47  Lair  
  129  12:02  Overseer  
  129  12:08  Drone x6  
  133  12:10  Drone x2  
  137  12:16  Drone x4  
  137  12:18  Drone  
  137  12:19  Drone  
  143  12:24  Brood Lord x6  
  143  12:25  Brood Lord  
  143  12:29  Brood Lord  
  159  12:38  Overlord  
  159  13:01  Queen  
  161  13:12  Brood Lord x3  
  167  13:13  Corruptor x3  
  167  13:14  Corruptor, Extractor x2  
  167  13:15  Overlord x5  
  173  13:31  Overlord  
Tags
 
Add a new tag
Caveats
  • Supply blocks, unpowered buildings, or Contaminate may cause inaccurate times.
  • Supply counts are checked every 10 seconds.